 Dungeon Crawl Stone Soup version 0.29-a0-43-g62a80824bf (webtiles) character file.

Game seed: 1345562036460994110

116 bande the Covered (level 5, -7/33 HPs)
             Began as a Gargoyle Fighter on Feb 2, 2022.
             Killed from afar by a white imp (9 damage)
             ... with a puff of frost
             ... summoned by Natasha
             ... on level 3 of the Dungeon.
             The game lasted 00:03:18 (2543 turns).

bande the Covered (Gargoyle Fighter)                Turns: 2543, Time: 00:03:18

Health: -7/33      AC: 18    Str: 20    XL:     5   Next: 1%
Magic:  5/5        EV:  7    Int:  8    God:
Gold:   89         SH:  4    Dex: 11    Spells: 4/4 levels left

rFire   . . .      SeeInvis .   a - +0 war axe
rCold   . . .      Faith    .   c - +0 buckler
rNeg    + . .      Spirit   .   m - +0 chain mail
rPois   ∞          Reflect  .   (no helmet)
rElec   +          Harm     .   (no cloak)
rCorr   .          Rampage  .   (no gloves)
Will    .....                   f - +0 pair of boots
Stlth   ..........              (no amulet)
HPRegen 0.11/turn               l - +4 ring of protection
MPRegen 0.09/turn               (no ring)

@: slowed, very slow
A: sickness immunity, AC +4, negative energy resistance 1, electricity
resistance, torment resistance 1, petrification resistance
a: no special abilities


You were on level 3 of the Dungeon.
You visited 1 branch of the dungeon, and saw 3 of its levels.

You collected 89 gold pieces.

Inventory:

Hand Weapons
 a - a +0 war axe (weapon)
 e - a +0 flail
Armour
 c - a +0 buckler (worn)
 f - a +0 pair of boots (worn)
 m - a +0 chain mail (worn)
Jewellery
 h - a ring of magical power
 l - a +4 ring of protection (left hand)
Scrolls
 k - a scroll of teleportation
Potions
 d - a potion of might
 g - a potion of lignification {unknown}
 i - 2 potions of berserk rage {unknown}


   Skills:
 + Level 4.0 Fighting
 + Level 3.0 Axes
 + Level 4.2 Armour
 + Level 3.9 Shields


You had 4 spell levels left.
You didn't know any spells.
Your spell library contained the following spells:

 Spells                   Type           Power      Damage    Failure   Level
 Sandblast                Erth           0%         2d4       99%         1
 Passwall                 Tmut/Erth      0%         N/A       100%        2
 Gell's Gravitas          Tloc           0%         N/A       100%        3
 Lesser Beckoning         Tloc           0%         N/A       100%        3
 Stone Arrow              Conj/Erth      0%         3d7       100%        3
 Teleport Other           Tloc           0%         N/A       100%        3


Dungeon Overview and Level Annotations

Branches:
Dungeon (3/15)

Altars:

Annotations:
D:3 Natasha


Innate Abilities, Weirdness & Mutations

You are immune to sickness and miasma.
Your stone body is resilient. (AC +4)
You are immune to poison.
You resist negative energy. (rN+)
You are resistant to electric shocks. (rElec)
You are resistant to unholy torment.
You are immune to petrification.


Message History

You kill the goblin!
You hit the iron imp.
Natasha casts a spell.
The iron imp closely misses you.
Natasha stares at you and mumbles some strange words.
You feel as though you will be slow longer.
The iron imp hits you but does no damage.
Your Axes skill increases to level 3!
You barely miss Natasha.
Natasha is severely wounded.
You hit the iron imp.
Natasha stares at you and mumbles some strange words.
The magic dart hits you but does no damage.
The iron imp lashes its tail.
The iron imp closely misses you. Natasha claws you.
* * * LOW HITPOINT WARNING * * *
The crimson imp hits you but does no damage.
The iron imp completely misses you.
You barely miss Natasha.
Natasha is severely wounded.
You hit the iron imp. You hit the crimson imp.
The iron imp disappears in a puff of smoke!
Natasha barely misses you.
The crimson imp hits you but does no damage.
Natasha closely misses you. The white imp gestures at you.
You block the puff of frost.
The crimson imp hits you but does no damage.
You miss Natasha.
Natasha is severely wounded.
You hit the white imp but do no damage.
You hit the crimson imp but do no damage.
You block Natasha's attack. The white imp gestures at you.
The puff of frost misses you. The crimson imp closely misses you.
Natasha claws you.
* * * LOW HITPOINT WARNING * * *
The white imp gestures at you. The puff of frost hits you!
You die...

.### ...# #..###
#....# # #....###.#
#........ #..5h.#
#..@5.# #..##)# #.#
#.## #
#.#.########.###.#
#................#
#.#####.#########...
#.##....#
#.##.##.####
###.##........


You could see Natasha, a crimson imp (summoned) and a white imp (summoned).

Vanquished Creatures
  Natasha (D:3)
  A gnoll (D:1)
  3 adders
  2 worms
  A dart slug (D:2)
  8 ball pythons
  3 endoplasms
  3 giant cockroaches
  4 hobgoblins
  3 jackals (D:1)
  A kobold (D:1)
  A quokka (D:1)
  2 bats (D:2)
  A frilled lizard (D:2)
  7 goblins
  6 rats
47 creatures vanquished.

Vanquished Creatures (others)
  2 plants (D:1)
2 creatures vanquished.

Grand Total: 49 creatures vanquished

Notes
Turn   | Place    | Note
-------+----------+-------------------------------------------
     0 | D:1      | bande the Gargoyle Fighter began the quest for the Orb.
     0 | D:1      | Reached XP level 1. HP: 14/14 MP: 1/1
    81 | D:1      | Reached XP level 2. HP: 15/19 MP: 2/2
   582 | D:1      | Reached XP level 3. HP: 18/23 MP: 3/3
   693 | D:1      | Noticed a great orb of eyes
   695 | D:1      | Found a faded altar of an unknown god.
   713 | D:1      | Noticed a great orb of eyes
   716 | D:1      | Noticed a great orb of eyes
   716 | D:1      | Noticed an eye of devastation
  1336 | D:2      | Reached XP level 4. HP: 13/29 MP: 4/4
  2406 | D:3      | Noticed Natasha
  2414 | D:3      | Killed Natasha
  2528 | D:3      | Noticed Natasha
  2538 | D:3      | HP: 1/29 [Natasha (7)]
  2539 | D:3      | Reached XP level 5. HP: 1/33 MP: 5/5
  2543 | D:3      | Killed from afar by a white imp

Illustrated notes

Levels and vault maps discovered:
D:1:      onia_arrival_pyramid, layout_loops_corners,
          hellmonk_ecumenical_altar_watching_god, minmay_misc_feat_columns,
          serial_bayou_crossing
D:2:      layout_loops_corners
D:3:      layout_loops_cross, minitemple, portal_sewer_entry_e, minivault_27,
          kennysheep_generic_room_15, uniq_natasha

Skill      XL: |  1  2  3  4  5 |
---------------+----------------+-----
Axes           | 2 3 |  3.0
Armour         | 4 |  4.2
Fighting       | 4 |  4.0
Shields        | |  3.9

Action                   |  1- 3 |  4- 6 || total
-------------------------+-------+-------++-------
Melee: War axe           |   103 |    47 ||   150
  Use: Scroll            |     2 |       ||     2
       Potion            |       |     1 ||     1
Armor: Scale mail        |    60 |    15 ||    75
       Chain mail        |       |    34 ||    34
Dodge: Dodged            |    56 |    35 ||    91
Block: Buckler           |    30 |    19 ||    49

Table legend: (Time is in decaauts)
 A = Elapsed time spent in this place.
 B = Non-inter-level travel time spent in this place.
 C = Inter-level travel time spent in this place.
 D = Time resting spent in this place.
 E = Time spent auto-exploring this place.
 F = Levels seen in this place.
 G = Mean time per level.
                   A        B        C        D        E       F      G
               +--------+--------+--------+--------+--------+-----+--------+
         Total |   2630 |   2608 |     22 |    278 |   1873 |   3 |  876.7 |
       Dungeon |   2630 |   2608 |     22 |    278 |   1873 |   3 |  876.7 |
               +--------+--------+--------+--------+--------+-----+--------+

Top non-repeatable levels by time:
     D:1: 1248 daAuts
     D:2: 1217 daAuts
     D:3: 164 daAuts
